 Dungeon Crawl Stone Soup version 0.19.0-22-gd96e5fe (webtiles) character file.

195 vev the Ducker (level 5, -1/39 HPs)
             Began as a Vampire Gladiator on Nov 19, 2016.
             Was an Initiate of Makhleb.
             Killed from afar by feelmyfire's ghost (6 damage)
             ... with a magic dart
             ... on level 5 of the Dungeon.
             The game lasted 00:04:57 (3934 turns).

vev the Ducker (Vampire Gladiator)                  Turns: 3934, Time: 00:04:57

Health: -1/39      AC:  9    Str: 20    XL:     5   Next: 45%
Magic:  5/5        EV:  7    Int: 11    God:    Makhleb [......]
Gold:   315        SH: 12    Dex: 14    Spells: 0 memorised, 4 levels left

rFire  . . .     SeeInvis +     a - +1 war axe
rCold  . . .     Gourm    .     o - +0 scale mail
rNeg   . . .     Faith    .     v - +0 large shield
rPois  .         Spirit   .     c - +2 helmet
rElec  .         Reflect  .     (no cloak)
rCorr  .         Harm     .     (no gloves)
MR     .....                    (no boots)
Stlth  +.........               (no amulet)
                                w - +5 ring of strength
                                k - ring of stealth

@: lethally poisoned (-1 -> -2), regenerating quickly
A: fangs 3, see invisible, unbreathing
a: Renounce Religion


You were on level 5 of the Dungeon.
You worshipped Makhleb.
Makhleb was noncommittal.
You were full.

You visited 2 branches of the dungeon, and saw 6 of its levels.

You collected 315 gold pieces.

Inventory:

Hand Weapons
 a - a +1 war axe (weapon)
Missiles
 d - 4 throwing nets (quivered)
Armour
 c - a +2 helmet (worn)
 o - a +0 scale mail (worn)
 v - a +0 large shield (worn)
Jewellery
 g - an uncursed amulet of regeneration {unknown}
 h - an uncursed ring of flight
 k - a ring of stealth (left hand)
 w - a +5 ring of strength (right hand)
Wands
 j - a wand of slowing (27/48)
Scrolls
 b - 2 scrolls of identify
 l - 2 scrolls of remove curse
 p - a scroll of magic mapping {unknown}
Potions
 e - 16 potions of blood
 f - 2 potions of might
 i - 2 potions of cancellation
 m - a potion of mutation {unknown}
 r - a potion of brilliance {unknown}
 s - a potion of cure mutation {unknown}
 t - 2 potions of degeneration {unknown}


   Skills:
 + Level 2.4 Fighting
 * Level 3.9 Axes
 - Level 1.5 Throwing
 + Level 1.2 Armour
 + Level 4.7 Dodging
 * Level 1.1 Shields


You had 4 spell levels left.
You didn't know any spells.

Dungeon Overview and Level Annotations

Branches:
Dungeon (5/15)             Temple (1/1) D:4

Altars:
Ashenzari
Cheibriados
Dithmenos
Elyvilon
Fedhas
Gozag
Hepliaklqana
Kikubaaqudgha
Makhleb
Nemelex Xobeh
Okawaru
Qazlal
Ru
Sif Muna
Trog
Uskayaw
Vehumet
Xom
Yredelemnul
Zin
The Shining One

Annotations:
D:4 Eustachio
D:5 feelmyfire's ghost, amateur DECj


Innate Abilities, Weirdness & Mutations

Your natural rate of healing is unusually fast.
You have razor-sharp teeth.
You have supernaturally acute eyesight. (SInv)
You can survive without breathing.


Message History

Feelmyfire's ghost points at you and mumbles some strange words.
The magic dart hits you!
* * * LOW HITPOINT WARNING * * *
You block the scorpion's attack.
The howler monkey zombie barely misses you.
You block feelmyfire's ghost's attack.
Unknown command.
You block the howler monkey zombie's attack.
You block the howler monkey zombie's attack.
The scorpion stings you.
* * * LOW HITPOINT WARNING * * *
You are poisoned.
The scorpion poisons you!
You feel sick.
You feel sick.
The howler monkey zombie hits you but does no damage.
You block feelmyfire's ghost's attack.
Feelmyfire's ghost points at you and mumbles some strange words.
The magic dart hits you!
You die...

#........# #.
#........# #.
#........# #. #..
#........# #. ##..
#..##...## #. .....
##..##...# #. .....
#.[.+...... #.
......#...#.......
#.
......#@######+##..
.......ZW.......#..
.......s........#
................+
................#
##########.....##
#.....# #....>+
#.....#


You could see a scorpion, feelmyfire's ghost and a howler monkey zombie.

Vanquished Creatures
  A hound skeleton (D:5)
  Robin (D:3)
  A howler monkey zombie (D:5)
  7 adders
  An ooze (D:1)
  2 worms
  2 dart slugs
  A leopard gecko (D:4)
  7 orcs (D:3)
  A ball python (D:4)
  3 bats
  3 giant cockroaches
  19 goblins
  12 hobgoblins
  2 quokkas
  5 frilled lizards
  4 kobolds
  5 rats
77 creatures vanquished.

Notes
Turn   | Place    | Note
-------+----------+-------------------------------------------
     0 | D:1      | vev the Vampire Gladiator began the quest for the Orb.
     0 | D:1      | Reached XP level 1. HP: 16/16 MP: 1/1
   358 | D:1      | Reached XP level 2. HP: 8/22 MP: 2/2
   505 | D:1      | Reached skill level 2 in Fighting
   505 | D:1      | Reached skill level 3 in Axes
   691 | D:1      | Reached skill level 1 in Armour
   709 | D:1      | Reached XP level 3. HP: 27/27 MP: 3/3
  1195 | D:2      | Reached skill level 4 in Dodging
  1205 | D:2      | HP: 2/27 [poisoned by an adder]
  1463 | D:2      | Reached XP level 4. HP: 33/33 MP: 4/4
  2007 | D:3      | HP: 3/33 [poisoned by an adder]
  2015 | D:3      | HP: 2/33 [poisoned by an adder]
  2546 | D:3      | Noticed Robin
  2553 | D:3      | Killed Robin
  2561 | D:3      | Reached XP level 5. HP: 28/39 MP: 5/5
  2790 | D:4      | Found a staircase to the Ecumenical Temple.
  2804 | Temple   | Entered the Ecumenical Temple
  2956 | Temple   | Became a worshipper of Makhleb the Destroyer
  3309 | D:4      | Noticed Eustachio
  3336 | D:5      | Entered Level 5 of the Dungeon
  3841 | D:5      | Reached skill level 1 in Shields
  3920 | D:5      | Noticed feelmyfire's ghost (amateur DECj)
  3934 | D:5      | Killed from afar by feelmyfire's ghost

Skill      XL: |  1  2  3  4  5 |
---------------+----------------+-----
Fighting       | 2 |  2.4
Axes           | 3 |  3.9
Armour         | 1 |  1.2
Dodging        | 4 |  4.7
Shields        | 1 |  1.1
Throwing       | |  1.5

Action                   |  1- 3 |  4- 6 || total
-------------------------+-------+-------++-------
Melee: War axe           |    89 |   167 ||   256
       Bite              |     6 |    20 ||    26
  Use: Potion            |     4 |    13 ||    17
       Scroll            |       |    10 ||    10
Armor: Leather armour    |     2 |       ||     2
       Ring mail         |     4 |       ||     4
       Scale mail        |    33 |    75 ||   108
Dodge: Dodged            |    63 |    48 ||   111
Block: Large shield      |       |   121 ||   121
